 Dungeon Crawl Stone Soup version 0.31.0-32-g396128a36d (webtiles) character file.

Game seed: 11102384337351937065

1855 Peloso the Carver (level 8, 0/85 HPs)
             Began as a Minotaur Fighter on Mar 30, 2024.
             Slain by a gnoll sergeant
             ... wielding a +2 heavy spear
              (2 damage)
             ... on level 6 of the Dungeon.
             The game lasted 00:09:28 (5082 turns).

Peloso the Carver (Minotaur Fighter)                Turns: 5082, Time: 00:09:29

Health: 0/85       AC: 13    Str: 20      XL:     8   Next: 89%
Magic:  7/7        EV: 12    Int:  8      God:
Gold:   335        SH:  6    Dex: 15 (16) Spells: 7/7 levels left

rFire   . . .        a - +0 long sword
rCold   . . .        d - +0 buckler
rNeg    . . .        l - +6 ring mail "Foteskuf" {Int+3 Dex+3}
rPois   .            (helmet restricted)
rElec   .            (no cloak)
rCorr   .            t - +0 pair of gloves
SInv    .            (no boots)
Will    .....        (no amulet)
Stlth   +            (no ring)
HPRegen 0.34/turn    (no ring)
MPRegen 0.10/turn

%: clarity
@: no status effects
A: horns 2, retaliatory headbutt, hooves 1, clarity, robust 2
a: no special abilities


You were on level 6 of the Dungeon.
You visited 1 branch of the dungeon, and saw 6 of its levels.

You collected 335 gold pieces.

Inventory:

Hand Weapons
 a - a +0 long sword (weapon)
Armour
 b - a +0 scale mail
 c - a +1 chain mail
 d - a +0 buckler (worn)
 l - the +6 ring mail "Foteskuf" (worn) {Int+3 Dex+3}
   (You found it on level 2 of the Dungeon)

   Int+3:     It affects your intelligence (+3).
   Dex+3:     It affects your dexterity (+3).
 t - a +0 pair of gloves (worn)
Jewellery
 o - a ring of ice
Talismans
 i - a blade talisman
Wands
 j - a wand of flame (29)
Scrolls
 e - 3 scrolls of identify
 q - a scroll of revelation
 s - a scroll of fear {unknown}
 u - 2 scrolls of silence {unknown}
 x - a scroll of enchant weapon {unknown}
Potions
 f - a potion of enlightenment
 g - 3 potions of haste
 k - a potion of might
 n - a potion of resistance
 p - a potion of mutation
 r - a potion of curing {unknown}
 v - a potion of cancellation {unknown}
 w - a potion of attraction {unknown}


   Skills:
 + Level 6.5 Fighting
 + Level 8.7 Long Blades
 + Level 6.8 Armour
 + Level 4.4 Dodging
 + Level 1.2 Stealth
 + Level 6.3 Shields


You had 7 spell levels left.
You didn't know any spells.
Your spell library contained the following spells:

 Spells                   Type           Power      Damage    Failure   Level
 Shock                    Conj/Air       0%         1d3       63%         1
 Dazzling Flash           Conj/Hex       0%         N/A       94%         3
 Swiftness                Air            0%         N/A       94%         3
 Volatile Blastmotes      Fire/Tloc      0%         2d10      94%         3
 Airstrike                Air            0%         2d(0-16)  100%        4
 Starburst                Conj/Fire      0%         6d3       100%        6
 Maxwell's Capacitive Co  Air            0%         ∞         100%        8


Dungeon Overview and Level Annotations

Branches:
Dungeon (6/15)
 Temple: D:4-7

Altars:
Ashenzari
Fedhas
Qazlal
Ru
Zin
The Shining One

Shops:
D:3 (   D:4 *(   D:6 *

Annotations:
D:6 Eustachio


Innate Abilities, Weirdness & Mutations

You have a pair of horns on your head.
You reflexively headbutt those who attack you in melee.
You have large cloven feet.
You possess an exceptional clarity of mind.
You are very robust. (+20% HP)


Message History

Unknown command.
You hit the gnoll. Your headbutt misses the gnoll.
The gnoll is moderately wounded.
The gnoll hits you but does no damage.
The gnoll sergeant hits you from afar with a +2 heavy spear.
The gnoll hits you but does no damage.
Unknown command.
You barely miss the gnoll.
The gnoll is moderately wounded.
The gnoll hits you but does no damage. The gnoll hits you with a +0 spear.
* * * LOW HITPOINT WARNING * * *
Unknown command.
You barely miss the gnoll. You kick the gnoll.
The gnoll is heavily wounded.
The gnoll sergeant hits you from afar with a +2 heavy spear.
* * * LOW HITPOINT WARNING * * *
The gnoll hits you with a +0 club.
* * * LOW HITPOINT WARNING * * *
The gnoll completely misses you.
The air fills with toxic fumes!
As you read the scroll of poison, it crumbles to dust.
The gnoll hits you but does no damage.
The gnoll sergeant hits you but does no damage.
The gnoll hits you with a +0 spear.
* * * LOW HITPOINT WARNING * * *
You slash the gnoll!
You kill the gnoll!
The gnoll hits you but does no damage.
Eustachio mumbles some strange words.
Eustachio blinks!
The gnoll sergeant hits you from afar with a +2 heavy spear!
* * * LOW HITPOINT WARNING * * *
Okay, then.
Okay, then.
You slash the gnoll!
You kill the gnoll!
Eustachio asks, "How can you live without manners, virtues and honour?"
The gnoll hits you but does no damage.
The gnoll sergeant hits you from afar with a +2 heavy spear.
You die...

...####...## ######
.§§§§§§§...# ......
.§§§§§§§...# ......
.§.§§§§§...# ......
.§§§§§§§...# ......
...§§§§....#.....#......
.....§@gg..#.....#...... ..
########)#####....#####+#
..##.....##@.§###....##....#
.....§§§§§§§§§#.....[.......
....~§~§§§§§§§#..>..........
....§§§§§§§§§§#.............
.....§§§§§§§§§§.............
##...§§§§#§##§##(##..##...##
....§§§§§#§##§##############
.....§§§.§§..§§...# #.
..................# #.


You could see Eustachio, a gnoll sergeant and a gnoll.

Vanquished Creatures
  A water moccasin (D:6)
  Duvessa (D:5)
  4 black bears
  A sky beast (D:6)
  3 ogres
  A phantom (D:4)
  Dowan (D:5)
  3 bombardier beetles
  4 hounds
  A jelly (D:4)
  A gnoll bouda (D:6)
  An iguana (D:5)
  3 sleepcaps
  2 orc wizards (D:5)
  Terence (D:3)
  16 gnolls
  13 adders
  A shadow imp (D:5)
  5 ufetubi
  A dart slug (D:4)
  A ribbon worm (D:3)
  4 orcs
  10 ball pythons
  4 endoplasms
  A giant cockroach (D:3)
  7 goblins
  5 hobgoblins
  3 kobolds
  4 quokkas
  5 bats
  3 frilled lizards
  7 rats
118 creatures vanquished.

Notes
Turn   | Place    | Note
-------+----------+-------------------------------------------
     0 | D:1      | Peloso the Minotaur Fighter began the quest for the Orb.
     0 | D:1      | Reached XP level 1. HP: 19/19 MP: 0/0
   184 | D:1      | Reached XP level 2. HP: 27/27 MP: 1/1
   249 | D:1      | Found a faded altar of an unknown god.
   858 | D:1      | Gained mutation: You have large cloven feet. [potion of
                  | mutation]
   858 | D:1      | Gained mutation: You possess an exceptional clarity of
                  | mind. [potion of mutation]
   858 | D:1      | Gained mutation: You are robust. (+10% HP) [potion of
                  | mutation]
   858 | D:1      | Gained mutation: You are very robust. (+20% HP) [potion of
                  | mutation]
  1200 | D:2      | Reached XP level 3. HP: 30/39 MP: 2/2
  1209 | D:2      | Reached skill level 1 in Dodging
  1363 | D:2      | Identified the +6 ring mail "Foteskuf" {Int+3 Dex+3}
  1604 | D:3      | Reached XP level 4. HP: 46/49 MP: 3/3
  1621 | D:3      | Reached skill level 3 in Long Blades
  1743 | D:3      | Reached XP level 5. HP: 17/56 MP: 4/4
  1928 | D:3      | Found a blossoming altar of Fedhas.
  2074 | D:3      | Noticed Terence
  2078 | D:3      | Killed Terence
  2174 | D:3      | Reached skill level 5 in Armour
  2456 | D:3      | Found a glowing golden altar of the Shining One.
  2516 | D:3      | Reached skill level 4 in Long Blades
  2753 | D:3      | Found Xesoeloz's Weapon Emporium.
  2982 | D:4      | Noticed a phantom
  2985 | D:4      | Killed a phantom
  2986 | D:4      | Reached skill level 5 in Fighting
  2986 | D:4      | Reached XP level 6. HP: 67/67 MP: 5/5
  3000 | D:4      | Found Gof Week's Gadget Gallery.
  3075 | D:4      | Reached skill level 5 in Long Blades
  3181 | D:4      | Reached XP level 7. HP: 73/73 MP: 6/6
  3229 | D:4      | Reached skill level 5 in Shields
  3279 | D:4      | Reached skill level 6 in Long Blades
  3421 | D:4      | Found Lolighoi's Weapon Emporium.
  3658 | D:5      | Entered Level 5 of the Dungeon
  3687 | D:5      | Found a broken altar of Ashenzari.
  3738 | D:5      | Reached skill level 1 in Stealth
  3885 | D:5      | Reached skill level 7 in Long Blades
  3940 | D:5      | Reached XP level 8. HP: 79/82 MP: 7/7
  3962 | D:5      | Found a sacrificial altar of Ru.
  4022 | D:5      | Noticed Dowan
  4022 | D:5      | Noticed Duvessa
  4030 | D:5      | Killed Dowan
  4037 | D:5      | Killed Duvessa
  4515 | D:5      | Found a glowing silver altar of Zin.
  4677 | D:6      | Found Mufeilij's General Store.
  4725 | D:6      | Reached skill level 8 in Long Blades
  5012 | D:6      | Found a stormy altar of Qazlal.
  5012 | D:6      | Noticed Eustachio
  5080 | D:6      | HP: 1/85 [gnoll sergeant/+2 heavy spear (13)]
  5082 | D:6      | Slain by a gnoll sergeant

Illustrated notes

Levels and vault maps discovered:
D:1:      dpeg_arrival_round_a, layout_loops_ring,
          shapermc_ecumenical_altar_acropolis
D:2:      layout_basic
D:3:      minmay_chambers_of_twos, layout_basic, mainiacjoe_overflow_alcove_2,
          fedhas_altar_1, serial_shops, shop, uniq_terence
D:4:      layout_loops_ring, serial_shops, nicolae_shop_bloodbath_and_beyond,
          nicolae_shop_gadgets
D:5:      minmay_skewed_foursquare, layout_basic, zin_scriptorium,
          nicolae_overflow_crystal_walls, evilmike_ruin_ashenzari, uniq_duvessa
D:6:      layout_gridville, grunt_temple_overflow_opulence,
          nicolae_qazlal_scattered_showers, serial_shops, shop, uniq_eustachio

Skill      XL: |  1  2  3  4  5  6  7  8 |
---------------+-------------------------+-----
Armour         | 4 5 6 |  6.8
Shields        | 4 5 6 |  6.3
Fighting       | 4 5 6 |  6.5
Dodging        | 1 2 3 4 |  4.4
Long Blades    | 3 4 5 7 8 |  8.7
Stealth        | 1 |  1.2

Action                     |  1- 3 |  4- 6 |  7- 9 || total
---------------------------+-------+-------+-------++-------
  Melee: Long sword        |    58 |    93 |   154 ||   305
         Headbutt          |     9 |    19 |    30 ||    58
         Kick              |     6 |    30 |    49 ||    85
    Use: Scroll            |     6 |       |     8 ||    14
         Potion            |     3 |       |     2 ||     5
 Armour: Scale mail        |    11 |       |       ||    11
         Chain mail        |    34 |       |       ||    34
         Ring mail         |     7 |    63 |   156 ||   226
  Dodge: Dodged            |    33 |    51 |   140 ||   224
  Block: Buckler           |    14 |    31 |    69 ||   114
